 Dungeon Crawl Stone Soup version 0.27.1-2-g3b301248ec (webtiles) character file.

Game seed: 16526904201345916113

37394 pkoi the Carver (level 13, -4/114 HPs)
             Began as a Minotaur Fighter on Oct 2, 2021.
             Was a High Priest of Okawaru.
             Slain by a stone giant (29 damage)
             ... in a volcano.
             The game lasted 00:26:42 (18628 turns).

pkoi the Carver (Minotaur Fighter)                 Turns: 18628, Time: 00:26:42

Health: -4/114     AC: 25    Str: 24    XL:     13   Next: 58%
Magic:  12/18      EV: 16    Int:  5    God:    Okawaru [*****.]
Gold:   872        SH: 15    Dex: 12    Spells: 12/12 levels left

rFire    . . .     SeeInvis .   w - +3 scimitar (flame)
rCold    . . .     Faith    .   c - +1 kite shield
rNeg     . . .     Spirit   .   N - +1 plate armour {Will+}
rPois    .         Reflect  .   h - +1 hat
rElec    .         Harm     .   G - +0 cloak
rCorr    +         Rampage  .   s - +0 pair of gloves
Will     +....                  O - +1 pair of boots {Stlth+}
Stlth    ..........             (no amulet)
HPRegen  0.29/turn              i - +4 ring of evasion
MPRegen  0.16/turn              j - ring of resist corrosion

@: heroic, finesse-ful, on berserk cooldown, slowed, very slow
A: horns 2, retaliatory headbutt
a: Renounce Religion, Heroism, Finesse


You were in a volcano.
You worshipped Okawaru.
Okawaru was extremely pleased with you.
You visited 3 branches of the dungeon, and saw 17 of its levels.
You also visited: Volcano.

You collected 872 gold pieces.

Inventory:

Hand Weapons
 a - a +1 long sword
 w - a +3 scimitar of flaming (weapon)
 I - the +9 rapier of Fatigue {elec, *Rage rElec rPois}
   (Okawaru gifted it to you on level 4 of the Lair of Beasts)

   It occasionally discharges a powerful burst of electricity upon striking a
   foe.
   rElec:     It insulates you from electricity.
   rPois:     It protects you from poison.
   *Rage:     It may make you go berserk in combat.
 L - a +0 scimitar
Missiles
 e - 7 javelins
 f - 35 poisoned darts (quivered)
 o - 4 curare-tipped darts
 A - 2 throwing nets
 C - 6 silver javelins
 M - 7 boomerangs
Armour
 c - a +1 kite shield (worn)
 h - a +1 hat (worn)
 s - a +0 pair of gloves (worn)
 G - a +0 cloak (worn)
 J - the +0 chain mail "Erphamm" {rElec Regen+ Int-3 Dex-4}
   (You found it on level 11 of the Dungeon)

   Int:       It affects your intelligence (-3).
   Dex:       It affects your dexterity (-4).
   rElec:     It insulates you from electricity.
   Regen:     It increases your rate of health regeneration.
 N - a +1 plate armour of willpower (worn)
 O - a +1 pair of boots of stealth (worn)
Jewellery
 i - a +4 ring of evasion (left hand)
 j - a ring of resist corrosion (right hand)
 y - a ring of flight
Wands
 b - a wand of paralysis (8)
 n - a wand of mindburst (3)
 q - a wand of charming (9)
 u - a wand of iceblast (32)
 z - a wand of acid (2)
 H - a wand of flame (44)
Scrolls
 k - 13 scrolls of identify
 r - a scroll of fog
 t - 3 scrolls of enchant weapon
 v - 3 scrolls of blinking
 B - 4 scrolls of teleportation
 E - 3 scrolls of enchant armour
 F - a scroll of fear
Potions
 d - 2 potions of might
 g - 4 potions of heal wounds
 l - 6 potions of curing
 m - a potion of ambrosia
 p - a potion of brilliance
 x - a potion of invisibility
 D - a potion of berserk rage
 K - a potion of resistance


   Skills:
 + Level 10.7(15.7) Fighting
 * Level 14.0(19.0) Long Blades
 + Level 8.3(13.3) Throwing
 + Level 10.7(15.7) Armour
 + Level 6.8(11.8) Dodging
 + Level 10.9(15.9) Shields
 - Level 8.0 Invocations
 + Level 5.2 Evocations


You had 12 spell levels left.
You didn't know any spells.
Your spell library contained the following spells:

 Spells                   Type           Power      Damage    Failure   Level
 Foxfire                  Conj/Fire      0%         2x1d4     99%         1
 Freeze                   Ice            0%         1d3       99%         1
 Call Canine Familiar     Summ           0%         N/A       100%        3
 Conjure Flame            Conj/Fire      0%         6-21      100%        3
 Dazzling Flash           Conj/Hex       0%         N/A       100%        3
 Frozen Ramparts          Ice            0%         1d2       100%        3
 Inner Flame              Hex/Fire       0%         N/A       100%        3
 Portal Projectile        Hex/Tloc       0%         N/A       100%        3
 Stone Arrow              Conj/Erth      0%         3d7       100%        3
 Hailstorm                Conj/Ice       0%         3d3       100%        4
 Iskenderun's Mystic Bla  Conj/Tloc      0%         2d3       100%        4
 Leda's Liquefaction      Hex/Erth       0%         N/A       100%        4
 Bolt of Magma            Conj/Fire/Erth 0%         4d4       100%        5
 Starburst                Conj/Fire      0%         6d3       100%        6
 Shatter                  Erth           0%         3d5*      100%        9


Dungeon Overview and Level Annotations

Branches:
Dungeon (12/15)            Temple (1/1) D:5            Lair (4/6) D:10
  Swamp (0/4) Lair:4        Snake (0/4) Lair:3          Orc (0/2) D:9
Volcano (1/1)

Altars:
Ashenzari
Cheibriados
Dithmenos
Elyvilon
Fedhas
Gozag
Hepliaklqana
Kikubaaqudgha
Makhleb
Nemelex Xobeh
Okawaru
Qazlal
Ru
Sif Muna
Trog
Uskayaw
Vehumet
Wu Jian
Xom
Yredelemnul
Zin
The Shining One

Shops:
D:7 *

Annotations:
D:10 3 runed translucent doors, nxtlvl's ghost, novice TrAK


Innate Abilities, Weirdness & Mutations

You have a pair of horns on your head.
You reflexively headbutt those who attack you in melee.


Message History

The +9 rapier of Fatigue {elec, *Rage rElec rPois} stops crackling.
Your +3 scimitar of flaming bursts into flame!
w - a +3 scimitar of flaming (weapon)
You start resting.
Something unseen opens the door.
You start resting.
A stone giant comes into view.
You close the door.
You start resting.
A stone giant opens the door.
You feel more confident with your borrowed prowess.
The stone giant shouts!
The stone giant throws a large rock.
The large rock closely misses you.
You hit the stone giant but do no damage.
The stone giant hits you!!
* * * LOW HITPOINT WARNING * * *
You slice the stone giant!! You burn the stone giant!
You headbutt the stone giant.
The stone giant is moderately wounded.
You block the stone giant's attack.
You slash the stone giant! You burn the stone giant.
You headbutt the stone giant, but do no damage.
The stone giant is heavily wounded.
The stone giant hits you!
* * * LOW HITPOINT WARNING * * *
You slash the stone giant! You burn the stone giant.
The stone giant is severely wounded.
You block the stone giant's attack.
You can now deal lightning-fast blows.
You block the stone giant's attack. The stone giant hits you!!
* * * LOW HITPOINT WARNING * * *
You hit the stone giant but do no damage.
The stone giant is severely wounded.
You hit the stone giant but do no damage.
The stone giant is severely wounded.
The stone giant closely misses you. You furiously retaliate!
You headbutt the stone giant!
Unknown command.
You feel much better. The stone giant hits you!!
You die...

≈≈≈≈≈§≈≈§≈≈§§≈≈≈≈§§≈≈≈≈§§§§≈§≈§§≈
≈≈≈≈≈§§≈≈≈§§≈§≈§§≈§§§≈≈≈§≈≈≈§≈≈≈≈
§§≈§≈≈≈§.................§≈≈≈≈≈§≈
≈≈≈≈§§§§#################.§≈§≈§≈≈
≈≈≈≈§≈≈.# '.....+ #§§§≈≈≈≈§
≈≈≈≈≈§§.# #.8_8.# #§§§§§§≈≈
≈§§§≈§§§# #..)..# #.≈≈≈≈≈≈§
§§≈≈≈≈§.###++###C###++###.≈≈≈§§≈≈
§§§§§§§.#......#@#......#§≈≈≈≈§§≈
.§§§§§§.######.#.#.######§§≈§≈≈≈≈
≈..§≈≈≈.# #.# #§§≈≈≈≈§≈ ≈§§§.≈§.#
#.# #.§§≈≈≈§≈ ≈§§≈≈...# #.#
#.≈§≈§≈§§ §§≈≈≈≈≈§# #.# #.§≈≈≈≈≈≈
≈§≈≈≈≈≈.########'########.§≈≈≈§§§
≈§≈≈≈≈§≈...§..§....§§..§§≈§≈≈≈§≈§
≈§§§≈§§≈≈§≈≈≈§≈≈≈≈≈≈§§§§≈≈≈≈§§≈§§


You could see a stone giant.

Vanquished Creatures
  Snorg (Lair:3)
  A fire dragon (Lair:4)
  3 hydras
  Erolcha (D:11)
  2 boulder beetles
  4 two-headed ogres
  6 death yaks (Lair:4)
  The ghost of reversiblehash the Covered, a novice GnWn of Gozag (D:6)
  Nergalle (Lair:4)
  A harpy (D:11)
  A cyclops (D:11)
  A black mamba (Lair:4)
  13 cane toads
  A gargoyle (Volcano)
  5 komodo dragons
  An efreet (Volcano)
  13 rime drakes
  The ghost of elongatedgoose the Ruffian, an amateur TrMo of Lugonu (D:5)
  A troll (D:10)
  A tyrant leech (Lair:4)
  A hornet (Lair:4)
  11 blink frogs
  A shadow (D:10)
  Sigmund (D:3)
  2 wraiths (D:10)
  19 yaks
  A wyvern (Lair:3)
  A fire elemental (Volcano)
  2 vampire mosquitoes (D:10)
  A fire bat (Volcano)
  9 steam dragons
  3 nagas (Lair:3)
  A swamp worm (Lair:4)
  8 water moccasins
  A sky beast (D:6)
  3 ogres
  2 ice beasts
  5 orc warriors
  A necrophage (D:4)
  6 centaurs
  5 phantoms
  2 kobold brigands
  2 scorpions (D:6)
  13 bullfrogs
  An earth elemental (Volcano)
  A water moccasin zombie (D:5)
  11 killer bees
  2 electric eels (D:3)
  7 howler monkeys
  6 lava snakes (Volcano)
  6 centaur zombies
  A hound (D:5)
  2 jellies (D:6)
  Crazy Yiuf (D:3)
  6 orc priests
  A centaur skeleton (D:6)
  A gnoll shaman (D:8)
  5 iguanas
  7 orc wizards
  A hound skeleton (D:4)
  2 howler monkey zombies (D:9)
  11 gnolls
  10 adders
  A shadow imp (D:6)
  2 white imps (D:7)
  2 ufetubi (D:5)
  2 worms
  4 dart slugs
  32 orcs
  14 ball pythons
  7 endoplasms
  5 giant cockroaches
  7 goblins
  7 hobgoblins
  12 jackals
  5 quokkas
  7 bats
  3 frilled lizards
  16 kobolds
  7 rats
375 creatures vanquished.

Vanquished Creatures (others)
  13 fungi
  35 plants
48 creatures vanquished.

Grand Total: 423 creatures vanquished

Notes
Turn   | Place    | Note
-------+----------+-------------------------------------------
     0 | D:1      | pkoi the Minotaur Fighter began the quest for the Orb.
     0 | D:1      | Reached XP level 1. HP: 19/19 MP: 0/0
    47 | D:1      | Reached XP level 2. HP: 26/27 MP: 1/1
   577 | D:1      | Reached skill level 3 in Long Blades
   711 | D:1      | Reached XP level 3. HP: 32/32 MP: 2/2
  1621 | D:2      | Found an iron altar of Okawaru.
  1638 | D:2      | Became a worshipper of Warmaster Okawaru
  1774 | D:2      | Reached XP level 4. HP: 26/40 MP: 3/3
  2142 | D:3      | Found a transporter.
  2167 | D:3      | Found a transporter.
  2219 | D:3      | Found a stormy altar of Qazlal.
  2450 | D:3      | Found a shadowy altar of Dithmenos.
  2631 | D:3      | Reached skill level 4 in Long Blades
  2663 | D:3      | Reached skill level 1 in Throwing
  2665 | D:3      | Found a bloodstained altar of Trog.
  2711 | D:3      | Found a faded altar of an unknown god.
  2878 | D:3      | Reached XP level 5. HP: 46/46 MP: 4/4
  3005 | D:3      | Found a runed translucent door.
  3006 | D:3      | Noticed Crazy Yiuf
  3070 | D:4      | Noticed Sigmund
  3316 | D:4      | Found a sacrificial altar of Ru.
  3385 | D:4      | Reached skill level 1 in Invocations
  3565 | D:4      | Reached XP level 6. HP: 48/53 MP: 4/6
  3635 | D:4      | Identified the +2 leather armour of Qacsoyf {Will+ SInv}
  3683 | D:4      | Reached skill level 5 in Shields
  3815 | D:4      | Reached skill level 5 in Long Blades
  3993 | D:4      | Reached skill level 1 in Evocations
  3995 | D:4      | Reached * piety under Okawaru
  3996 | D:4      | Reached XP level 7. HP: 48/60 MP: 7/7
  4191 | D:4      | Reached skill level 5 in Fighting
  4622 | D:5      | Entered Level 5 of the Dungeon
  4631 | D:4      | Reached skill level 5 in Armour
  4675 | D:5      | Found a glowing silver altar of Zin.
  4675 | D:5      | Found a hazy altar of Hepliaklqana.
  5021 | D:5      | Found a staircase to the Ecumenical Temple.
  5072 | D:5      | Reached skill level 6 in Long Blades
  5086 | D:5      | Reached ** piety under Okawaru
  5087 | D:5      | Reached XP level 8. HP: 46/69 MP: 9/9
  5565 | D:5      | Found a runed translucent door.
  5570 | D:5      | Noticed elongatedgoose's ghost (amateur TrMo)
  5693 | Temple   | Entered the Ecumenical Temple
  5880 | D:6      | Found a transporter.
  5938 | D:6      | Found a transporter.
  5938 | D:6      | Noticed reversiblehash's ghost (novice GnWn)
  5955 | D:6      | Noticed a two-headed ogre
  6077 | D:6      | Reached skill level 7 in Long Blades
  6312 | D:6      | Reached skill level 1 in Dodging
  6738 | D:6      | Found an ornate altar of the Wu Jian Council.
  6788 | D:6      | Found a basalt altar of Yredelemnul.
  6865 | D:7      | Reached *** piety under Okawaru
  6905 | D:7      | Reached XP level 9. HP: 75/75 MP: 10/10
  7119 | D:7      | Found Pitz's Assorted Antiques.
  8056 | D:8      | Received a gift from Okawaru
  8057 | D:8      | Reached skill level 8 in Long Blades
  8250 | D:8      | Noticed a two-headed ogre
  8260 | D:8      | Killed a two-headed ogre
  8539 | D:8      | Found a radiant altar of Vehumet.
  9118 | D:9      | Noticed a two-headed ogre
  9129 | D:9      | Killed a two-headed ogre
  9130 | D:9      | Reached skill level 9 in Long Blades
  9130 | D:9      | Reached XP level 10. HP: 57/86 MP: 10/12
  9408 | D:9      | Found a staircase to the Orcish Mines.
  9431 | D:9      | Found a burning altar of Makhleb.
  9489 | D:9      | Reached **** piety under Okawaru
 10569 | D:10     | Entered Level 10 of the Dungeon
 10651 | D:10     | Found a runed translucent gate.
 10651 | D:10     | Found a runed translucent gate.
 10651 | D:10     | Noticed nxtlvl's ghost (novice TrAK)
 10652 | D:10     | Found a runed translucent gate.
 10737 | D:10     | Found a staircase to the Lair.
 10770 | D:10     | Reached skill level 5 in Throwing
 11124 | D:10     | Reached skill level 5 in Invocations
 11152 | D:10     | Reached skill level 10 in Long Blades
 11416 | D:10     | Found a white marble altar of Elyvilon.
 11417 | D:10     | Found a snail-covered altar of Cheibriados.
 12014 | D:3      | Killed Sigmund
 12098 | D:3      | Killed Crazy Yiuf
 12466 | D:5      | Killed elongatedgoose's ghost
 12575 | D:6      | Killed reversiblehash's ghost
 12575 | D:6      | Received a gift from Okawaru
 12576 | D:6      | Reached XP level 11. HP: 73/94 MP: 11/14
 12586 | D:6      | Killed a two-headed ogre
 12766 | D:10     | Reached skill level 5 in Dodging
 12774 | D:10     | Reached ***** piety under Okawaru
 12780 | D:10     | Noticed a two-headed ogre
 12796 | D:10     | Killed a two-headed ogre
 13262 | D:11     | Reached skill level 11 in Long Blades
 13263 | D:11     | Received a gift from Okawaru
 13338 | D:11     | Noticed Erolcha
 13346 | D:11     | Killed Erolcha
 13425 | D:11     | Identified the +0 chain mail "Erphamm" {rElec Regen+ Int-3
                  | Dex-4}
 13460 | D:11     | Noticed a boulder beetle
 13485 | D:11     | Killed a boulder beetle
 13655 | D:11     | Received a gift from Okawaru
 14020 | D:12     | Noticed a harpy
 14020 | D:12     | Noticed a harpy
 14020 | D:12     | Noticed a harpy
 14020 | D:12     | Noticed a harpy
 14020 | D:12     | Noticed a harpy
 14032 | D:11     | Killed a harpy
 14234 | Lair:1   | Entered Level 1 of the Lair of Beasts
 14602 | Lair:1   | Received a gift from Okawaru
 15014 | Lair:1   | Found a sparkling altar of Nemelex Xobeh.
 15114 | Lair:1   | Reached skill level 12 in Long Blades
 15287 | Lair:2   | Noticed a six-headed hydra
 15294 | Lair:2   | Killed a nine-headed hydra
 15295 | Lair:2   | Reached XP level 12. HP: 86/104 MP: 16/16
 15680 | Lair:2   | Identified the +1 long sword of Disintegration {holy,
                  | rElec}
 15740 | Lair:2   | Noticed a seven-headed hydra
 15746 | Lair:2   | Killed an eight-headed hydra
 16126 | Lair:3   | Found a staircase to the Snake Pit.
 16141 | Lair:3   | Received a gift from Okawaru
 16472 | Lair:3   | Noticed Snorg
 16502 | Lair:3   | Killed Snorg
 16503 | Lair:3   | Reached skill level 10 in Shields
 16890 | Lair:3   | Noticed a seven-headed hydra
 16899 | Lair:3   | Killed a ten-headed hydra
 16900 | Lair:3   | Reached skill level 13 in Long Blades
 16900 | Lair:3   | Reached skill level 10 in Armour
 17107 | Lair:4   | Reached skill level 10 in Fighting
 17206 | Lair:4   | Found a staircase to the Swamp.
 17423 | Lair:4   | Identified the +9 rapier of Fatigue {elec, *Rage rElec
                  | rPois} (Okawaru gifted it to you on level 4 of the Lair of
                  | Beasts)
 17423 | Lair:4   | Received a gift from Okawaru
 17424 | Lair:4   | Reached XP level 13. HP: 91/113 MP: 14/17
 17524 | Lair:4   | Noticed a fire dragon
 17546 | Lair:4   | Killed a fire dragon
 17581 | Lair:4   | Noticed Nergalle
 17597 | Lair:4   | Killed Nergalle
 17747 | Lair:4   | Received a gift from Okawaru
 17879 | Lair:4   | Reached skill level 5 in Evocations
 17949 | Lair:4   | Found a dark tunnel.
 17957 | Volcano  | Entered a volcano
 18070 | Volcano  | Reached skill level 14 in Long Blades
 18567 | Volcano  | Found a burning altar of Makhleb.
 18611 | Volcano  | Noticed a stone giant
 18625 | Volcano  | HP: 4/114 [stone giant (25)]
 18628 | Volcano  | Slain by a stone giant

Illustrated notes

Levels and vault maps discovered:
D:1:      roderic_crop_circles_arrival_small, layout_basic, minmay_pentomino_z2
D:2:      layout_basic, basic_altar, minmay_shallow_snake_nest
D:3:      gammafunk_steamed_eel, layout_loops_ring, marbit_many_paths,
          grunt_dithmenos_smoke, nicolae_qazlal_general_emergency,
          dreamdust_ecumenical_altar_angels_and_demons, uniq_crazy_yiuf_cottage
D:4:      kb_forest_paths, layout_basic, mainiacjoe_overflow_catwalk,
          uniq_sigmund
D:5:      layout_rooms, gammafunk_temple_overflow_statue,
          minmay_temple_entry_junction, ebering_ghost_reflecting_pool,
          gup_sewer_entry_bowl
D:6:      layout_rooms, yredelemnul_altar_generic, nzn_wu_jian_contemplation,
          gammafunk_ghost_arena, nrook_mini_backslash, grunt_decor_clamped,
          grunt_decor_arrowhead
D:7:      layout_layer_cave, serial_shops, shop
D:8:      layout_loops_ring, vehumet_crystals
D:9:      layout_stronghold, bloody_makhleb, orc_0_dummy
D:10:     layout_roguey, minitemple, david_lair_shrubbed, gammafunk_ghost_split
D:11:     layout_roguey, chequers_serial_rivers_micro_a, uniq_erolcha
D:12:     layout_irregular_city, enter_trove_1, uniq_fannar, uniq_psyche
Temple:   cyrus_temple_forest
Lair:1:   layout_concentric_octagons, lemuel_centaur_altar, grunt_megastairs_2,
          infiniplex_staircase_pool
Lair:2:   layout_big_grid
Lair:3:   layout_regular_city, guppyfry_snake_entry_garden, grunt_megastairs_3,
          lemuel_fruit_tree, uniq_snorg
Lair:4:   layout_roguey, minmay_swamp_entry_worms,
          lightli_volcano_entry_magma_tube, ebering_ghost_funeral_grove,
          bobbens_dragon_lair_wall, uniq_sonja, uniq_nergalle
Volcano:  volcano_lake [vl_original]

Skill      XL: |  1  2  3  4  5  6  7  8  9 10 11 12 13 |
---------------+----------------------------------------+-----
Shields        | 4 5 6 7 8 9 10 | 10.9
Long Blades    | 3 4 5 6 7 9 10 12 13 14 | 14.0
Fighting       | 4 5 6 7 9 10 | 10.7
Armour         | 4 5 6 7 8 9 10 | 10.7
Throwing       | 1 2 3 4 5 6 7 8 |  8.3
Invocations    | 1 2 3 4 5 6 7 8 |  8.0
Evocations     | 1 2 3 4 5 |  5.2
Dodging        | 1 3 4 5 6 |  6.8

Action                   |  1- 3 |  4- 6 |  7- 9 | 10-12 | 13-15 || total
-------------------------+-------+-------+-------+-------+-------++-------
Melee: Long sword        |   106 |   113 |   278 |   503 |       ||  1000
       Headbutt          |    19 |    14 |    87 |   166 |    75 ||   361
       Scimitar          |       |       |       |   263 |   236 ||   499
       Rapier            |       |       |       |       |    32 ||    32
Throw: Dart              |    12 |     4 |       |     1 |     2 ||    19
Invok: Heroism           |       |       |     4 |    18 |     6 ||    28
       Finesse           |       |       |       |     1 |     2 ||     3
Evoke: Wand              |       |       |       |    20 |       ||    20
  Use: Scroll            |     5 |     3 |     6 |     7 |       ||    21
       Potion            |     1 |       |       |     1 |     1 ||     3
Armor: Scale mail        |    51 |    11 |       |       |       ||    62
       Plate armour      |       |    27 |       |       |     2 ||    29
       Leather armour    |       |     6 |    52 |    53 |       ||   111
       Chain mail        |       |       |       |   128 |    44 ||   172
Dodge: Dodged            |    51 |    38 |   169 |   374 |    81 ||   713
Block: Kite shield       |    71 |    59 |   202 |   487 |    97 ||   916
       Rpst.: Long sword |    10 |    16 |    49 |    66 |       ||   141
       Scimitar          |       |       |       |    28 |    16 ||    44
